 Dungeon Crawl Stone Soup version 0.23.2-40-g277498a001 (webtiles) character file.

Game seed: 14639986057992501500

34 Deathwalker the Charmwright (level 3, -3/27 HPs)
             Began as a Human Skald on Aug 24, 2019.
             Slain by Sigmund
             ... wielding a +0 scythe
              (6 damage)
             ... on level 2 of the Dungeon.
             The game lasted 00:04:05 (1770 turns).

Deathwalker the Charmwright (Human Skald)           Turns: 1770, Time: 00:04:05

Health: -3/27      AC:  3    Str: 11    XL:     3   Next: 50%
Magic:  0/6        EV: 12    Int: 14    God:
Gold:   108        SH:  0    Dex: 12    Spells: 1/6 levels left

rFire    . . .     SeeInvis .   a - +0 mace
rCold    . . .     Gourm    .   (no shield)
rNeg     . . .     Faith    .   b - +0 leather armour
rPois    .         Spirit   .   (no helmet)
rElec    .         Reflect  .   (no cloak)
rCorr    .         Harm     .   (no gloves)
MR       .....                  (no boots)
Stlth    +.........             g - amulet of rage
HPRegen  0.09/turn              (no ring)
MPRegen  0.10/turn              (no ring)

@: singing
A: no striking features
a: Evoke Berserk Rage


You were on level 2 of the Dungeon.
You were not hungry.

You visited 1 branch of the dungeon, and saw 2 of its levels.

You collected 108 gold pieces.

Inventory:

Hand Weapons
 a - a +0 mace (weapon)
 m - a +0 hunting sling
Missiles
 e - 48 arrows
 f - 31 stones (quivered)
 l - 2 throwing nets
Armour
 b - a +0 leather armour (worn)
Jewellery
 g - an amulet of rage (around neck)
Potions
 j - 2 potions of brilliance
Comestibles
 d - 3 rations


   Skills:
 - Level 2.0 Fighting
 - Level 2.0 Maces & Flails
 - Level 1.0 Armour
 - Level 2.0 Dodging
 - Level 2.0 Spellcasting
 + Level 4.3 Charms


You had one spell level left.
You knew the following spells:

 Your Spells              Type           Power        Failure   Level  Hunger
a - Infusion              Chrm           ##..         5%          1    ##.....
b - Shroud of Golubria    Chrm/Tloc      #.........   19%         2    ###....
c - Song of Slaying       Chrm           ##......     8%          2    ###....

Your spell library contained the following spells:

 Spells                   Type           Power        Failure   Level  Hunger
 Regeneration             Chrm/Necr      #.........   36%         3    ####...
 Spectral Weapon          Hex/Chrm       #.......     36%         3    ####...


Dungeon Overview and Level Annotations

Branches:
Dungeon (2/15)

Altars:

Annotations:
D:2 Sigmund


Message History

* * * LOW HITPOINT WARNING * * *
You barely miss Sigmund.
Sigmund is moderately wounded.
You feel less confused. Sigmund hits you with a +0 scythe!
* * * LOW HITPOINT WARNING * * *
You hit Sigmund.
Sigmund is moderately wounded.
Sigmund hits you with a +0 scythe.
* * * LOW HITPOINT WARNING * * *
Casting: Infusion (safe; 5% risk of failure)
Confirm with . or Enter, or press ? or * to list all spells.
You start singing a song of slaying.
Sigmund hits you but does no damage.
Casting: Song of Slaying (safe; 8% risk of failure)
Confirm with . or Enter, or press ? or * to list all spells.
Space distorts slightly along a thin shroud covering your body.
You hit Sigmund but do no damage.
Sigmund is moderately wounded.
Sigmund hits you with a +0 scythe.
You die...

..# #. ######## #..#
#. #@.....# #
##..####.####@######
# #.............# #
#...#.#..####.# #
#.........###.# #
#..##.#.......#
####.........###.##
......###.#.......#
#####.# #....###..!.


You could see Sigmund.

Vanquished Creatures
  An adder (D:2)
  A leopard gecko (D:1)
  2 bats (D:1)
  2 giant cockroaches
  2 goblins
  9 jackals
  2 frilled lizards (D:1)
  2 kobolds
21 creatures vanquished.

Notes
Turn   | Place    | Note
-------+----------+-------------------------------------------
     0 | D:1      | Deathwalker the Human Skald began the quest for the Orb.
     0 | D:1      | Reached XP level 1. HP: 16/16 MP: 3/3
   284 | D:1      | Reached XP level 2. HP: 7/22 MP: 5/5
   288 | D:1      | Learned a level 2 spell: Shroud of Golubria
   291 | D:1      | Learned a level 2 spell: Song of Slaying
  1251 | D:2      | Reached skill level 4 in Charms
  1251 | D:2      | Reached XP level 3. HP: 19/27 MP: 0/6
  1692 | D:2      | Noticed Sigmund
  1770 | D:2      | Slain by Sigmund

Skill      XL: |  1  2 |
---------------+-------+-----
Charms         | 4 |  4.3
Fighting       | |  2.0
Maces & Flails | |  2.0
Armour         | |  1.0
Dodging        | |  2.0
Spellcasting   | |  2.0

Action                   || total
-------------------------++-------
Melee: Mace              ||    98
 Cast: Infusion          ||     3
       Shroud of Golubri ||     4
       Song of Slaying   ||     1
  Use: Scroll            ||     2
       Potion            ||     2
  Eat: Chunk             ||     3
Armor: Leather armour    ||    48
Dodge: Dodged            ||    98
